 Dungeon Crawl Stone Soup version 0.26.1-11-gd32895ea62 (webtiles) character file.

Game seed: 47465842585991048

1696 H0rd4k the Insei (level 9, 0/54 HPs)
             Began as an Octopode Transmuter on May 10, 2021.
             Slain by an orc warrior
             ... wielding a +0 war axe
              (20 damage)
             ... on level 7 of the Dungeon.
             The game lasted 00:08:52 (7993 turns).

H0rd4k the Insei (Octopode Transmuter)              Turns: 7993, Time: 00:08:53

Health: 0/54       AC:  2    Str:  9    XL:     9   Next: 3%
Magic:  23/25      EV: 24    Int: 18    God:
Gold:   472        SH:  0    Dex: 24    Spells: 12/18 levels left

rFire    . . .     SeeInvis .     - Unarmed
rCold    . . .     Faith    +   (shield currently unavailable)
rNeg     . . .     Spirit   .   (helmet currently unavailable)
rPois    x         Reflect  .   p - amulet of faith
rElec    .         Harm     .   a - +6 ring of dexterity
rCorr    .         Rampage  .   k - ring of willpower
Will     +....                  q - ring of magical power
Stlth    +++.......             r - ring of stealth
HPRegen  0.18/turn              w - ring of flight
MPRegen  0.19/turn              (no ring)
                                (no ring)
                                (no ring)

@: spider-form
A: tiny, almost no armour, stealthy swim, (amphibious), 8 rings, (constrict 8)
a: End Transformation, Evoke Flight


You were on level 7 of the Dungeon.
You were a venomous arachnid creature.
You visited 1 branch of the dungeon, and saw 7 of its levels.

You collected 472 gold pieces.

Inventory:

Missiles
 n - 14 poisoned darts (quivered)
Magical Staves
 v - an uncursed staff of earth
Jewellery
 a - a +6 ring of dexterity (left front leg)
 k - a ring of willpower (right front leg)
 p - an amulet of faith (around neck)
 q - a ring of magical power (on tentacle)
 r - a ring of stealth (on tentacle)
 w - a ring of flight (on tentacle)
 x - an uncursed amulet of magic regeneration {unknown}
Wands
 d - a wand of iceblast (11)
Scrolls
 c - 2 scrolls of amnesia
 e - 3 scrolls of fear
 g - 2 scrolls of random uselessness {unknown}
 i - 6 scrolls of remove curse
 j - 3 scrolls of noise
 l - a scroll of blinking {unknown}
 s - 2 scrolls of teleportation
 t - a scroll of magic mapping {unknown}
 u - 2 scrolls of fog {unknown}
Potions
 b - 2 potions of ambrosia
 f - a potion of might
 h - 3 potions of heal wounds
 m - 2 potions of curing
 o - a potion of brilliance


   Skills:
 + Level 1.9 Fighting
 + Level 0.3 Throwing
 + Level 4.2 Dodging
 - Level 0.4 Stealth
 + Level 7.3 Unarmed Combat
 * Level 5.1 Spellcasting
 * Level 5.1 Transmutations
 + Level 3.5 Poison Magic


You had 12 spell levels left.
You knew the following spells:

 Your Spells              Type           Power        Failure   Level
b - Spider Form           Tmut/Pois      10%          19%         3
c - Confusing Touch       Hex            4%           58%         3

Your spell library contained the following spells:

 Spells                   Type           Power        Failure   Level
 Beastly Appendage        Tmut           46%          7%          1
 Wereblood                Tmut           23%          10%         2
 Summon Small Mammal      Summ           16%          30%         1
 Call Imp                 Summ           4%           41%         2
 Call Canine Familiar     Summ           4%           58%         3
 Gell's Gravitas          Tloc           2%           58%         3
 Summon Guardian Golem    Hex/Summ       4%           58%         3
 Ice Form                 Ice/Tmut       13%          63%         4
 Petrify                  Tmut/Erth      13%          63%         4
 Blade Hands              Tmut           11%          63%         5
 Yara's Violent Unravell  Hex/Tmut       6%           90%         5
 Summon Ice Beast         Ice/Summ       4%           91%         4
 Summon Lightning Spire   Summ/Air       4%           91%         4
 Metabolic Englaciation   Hex/Ice        2%           99%         5


Dungeon Overview and Level Annotations

Branches:
Dungeon (7/15)
 Temple: D:4-7

Altars:
Nemelex Xobeh
Ru
Sif Muna
Uskayaw
Yredelemnul

Shops:
D:4 *   D:5 [

Annotations:
D:3 exclusion: downstairs
D:7 Maggie


Innate Abilities, Weirdness & Mutations

You cannot wear most types of armour.
You are very stealthy in the water. (Stealth+)
((You are amphibious.))
You can wear up to eight rings at the same time.
((You can use your tentacles to constrict eight enemies at once.))
((Your skin changes colour to match your surroundings (Stealth+).))
((Your rubbery body absorbs attacks. (AC +1, EV +1)))


Message History

Casting: Spider Form (dangerous; 7% risk of failure)
Confirm with . or Enter, or press ? or * to list all spells.
You turn into a venomous arachnid creature.
You bite the orc warrior!
The orc warrior is poisoned.
The orc warrior is moderately wounded.
The orc warrior closely misses you.
You hit the orc warrior but do no damage.
The orc warrior is moderately wounded.
The orc warrior hits you with a +0 war axe!
You hit the orc warrior but do no damage.
The orc warrior looks as sick as possible!
The orc warrior is moderately wounded.
The orc warrior closely misses you.
You hit the orc warrior but do no damage.
The orc warrior looks as sick as possible!
The orc warrior is moderately wounded.
You hit the orc warrior but do no damage.
The orc warrior is heavily wounded.
The orc warrior hits you with a +0 war axe!!
You die...

.....#
.....#
#...#
##...#####
#.........
#........@
#......##.
#.####.#
#so# .#
#.## .#
### .


You could see an orc warrior (extremely poisoned).

Vanquished Creatures
  2 sky beasts (D:6)
  An orc warrior (D:6)
  6 ogres
  2 howler monkeys (D:4)
  2 bullfrog zombies (D:6)
  2 jellies
  2 hounds
  An orc priest (D:6)
  A gnoll shaman (D:5)
  6 orc wizards
  A bullfrog skeleton (D:4)
  2 worker ants
  A worker ant zombie (D:6)
  A howler monkey skeleton (D:5)
  A howler monkey zombie (D:6)
  9 gnolls
  6 adders
  A shadow imp (D:7)
  3 oozes
  An adder zombie (D:5)
  2 worms
  2 dart slugs (D:1)
  3 leopard geckos
  29 orcs
  A ball python (D:1)
  9 giant cockroaches
  13 goblins
  9 hobgoblins
  2 jackals (D:3)
  3 quokkas
  8 bats
  4 frilled lizards
  A jackal skeleton (D:4)
  10 kobolds
  9 rats
156 creatures vanquished.

Vanquished Creatures (others)
  An adder (D:5)
  4 toadstools (D:6)
5 creatures vanquished.

Grand Total: 161 creatures vanquished

Notes
Turn   | Place    | Note
-------+----------+-------------------------------------------
     0 | D:1      | H0rd4k the Octopode Transmuter began the quest for the Orb.
     0 | D:1      | Reached XP level 1. HP: 13/13 MP: 3/3
   246 | D:1      | Reached XP level 2. HP: 17/18 MP: 5/5
   458 | D:1      | Reached XP level 3. HP: 19/23 MP: 6/6
  1073 | D:1      | Learned a level 3 spell: Spider Form
  1508 | D:2      | Reached XP level 4. HP: 24/28 MP: 7/7
  1877 | D:2      | Reached skill level 1 in Poison Magic
  2355 | D:2      | Found a shimmering blue altar of Sif Muna.
  2570 | D:3      | Found a hide-covered altar of Uskayaw.
  3013 | D:3      | Found a sparkling altar of Nemelex Xobeh.
  3187 | D:3      | Reached skill level 4 in Unarmed Combat
  3435 | D:3      | Reached XP level 5. HP: 33/33 MP: 9/9
  3452 | D:3      | Found a faded altar of an unknown god.
  3710 | D:3      | Found a sacrificial altar of Ru.
  4042 | D:3      | Learned a level 3 spell: Confusing Touch
  4213 | D:4      | Reached XP level 6. HP: 38/38 MP: 10/10
  5214 | D:4      | Found Enafuas's Serpentskin Sales.
  5557 | D:4      | Reached skill level 5 in Unarmed Combat
  5613 | D:4      | Reached XP level 7. HP: 42/44 MP: 12/12
  5922 | D:5      | Entered Level 5 of the Dungeon
  6113 | D:5      | Found Wuuf's Antique Armour Shop.
  6218 | D:5      | Reached skill level 6 in Unarmed Combat
  6230 | D:5      | Reached XP level 8. HP: 36/50 MP: 14/14
  7441 | D:6      | Reached skill level 7 in Unarmed Combat
  7621 | D:6      | Reached skill level 5 in Spellcasting
  7676 | D:6      | Reached skill level 5 in Transmutations
  7787 | D:6      | Reached XP level 9. HP: 48/54 MP: 16/16
  7842 | D:6      | Found a basalt altar of Yredelemnul.
  7976 | D:7      | Noticed Maggie
  7993 | D:7      | Slain by an orc warrior

Illustrated notes

Levels and vault maps discovered:
D:1:      ebering_trefoil_twist, layout_loops_cross,
          kennysheep_decorative_pillar
D:2:      layout_basic, general_overflow_altar, minmay_quantized
D:3:      kb_forest_paths, layout_basic, lemuel_crystal_altar,
          nemelex_xobeh_ov_fountains_minmay, chequers_ecumenical_altar_lobes,
          nicolae_ru_great_annihilating_truth
D:4:      minmay_razor_zed, layout_cave_pools, guppyfry_shop_venom
D:5:      layout_rooms, serial_shops, shop_coins, lemuel_flamethrower_1
D:6:      layout_basic, kennysheep_mini, minmay_temple_entry_hall,
          nrook_mini_backslash, minmay_gold_behind_fungi
D:7:      kennysheep_windowed_halls, layout_gridville, lemuel_round_altar,
          zin_purify, serial_co_window_serial, co_window_paths_a,
          co_window_paths_b, co_window_paths_a, co_window_paths_a,
          co_window_of_opportunity_a, co_window_of_opportunity_a,
          co_window_of_opportunity_a, co_window_corner_b, co_window_corner_b,
          co_window_paths_c, co_window_broadway_b, co_window_of_opportunity_b,
          co_window_sun, elyvilon_altar_4, uniq_maggie

Skill      XL: |  1  2  3  4  5  6  7  8 |
---------------+-------------------------+-----
Poison Magic   | 1 2 3 |  3.5
Unarmed Combat | 4 5 6 7 |  7.3
Transmutations | 3 4 5 |  5.1
Dodging        | 3 4 |  4.2
Spellcasting   | 3 4 5 |  5.1
Fighting       | |  1.9
Throwing       | |  0.3
Stealth        | |  0.4

Action                   |  1- 3 |  4- 6 |  7- 9 || total
-------------------------+-------+-------+-------++-------
Melee: Unarmed           |    87 |   185 |   170 ||   442
       Constrict         |    22 |    38 |    17 ||    77
       Tentacles         |    13 |    34 |    14 ||    61
       Punch             |       |     4 |     2 ||     6
Throw: Dart              |       |       |     6 ||     6
 Cast: Spider Form       |       |     7 |    13 ||    20
  Use: Scroll            |       |     6 |     5 ||    11
 Stab: Sleeping          |     9 |    12 |     5 ||    26
Armor: Skin              |     6 |    16 |     1 ||    23
Dodge: Dodged            |    39 |   113 |   138 ||   290
